 Dungeon Crawl Stone Soup version 0.27-a0-890-ged2907cb04 (webtiles) character file.

Game seed: 3163749994295951160

205837 Grimdewalt the Peltast (level 19, -3/161 HPs)
             Began as a Formicid Fighter on Apr 5, 2021.
             Was the Champion of Okawaru.
             Slain by an alligator snapping turtle (30 damage)
             ... on level 4 of the Shoals.
             The game lasted 01:43:32 (41413 turns).

Grimdewalt the Peltast (Formicid Fighter)          Turns: 41413, Time: 01:43:33

Health: -3/161     AC: 21    Str: 47    XL:     19   Next: 41%
Magic:  0/28       EV: 10    Int:  9    God:    Okawaru [******]
Gold:   2158       SH: 29    Dex: 13    Spells: 18/18 levels left

rFire    + . .     SeeInvis +   N - +5 executioner's axe of Pinadd {vamp, rPois Str+4 Dex+3}
rCold    . . .     Faith    .   c - +2 tower shield {rPois}
rNeg     . . .     Spirit   +   g - +2 chain mail {rF+}
rPois    +         Reflect  .   (helmet unavailable)
rElec    +         Harm     .   D - scarf {repulsion}
rCorr    .         Rampage  .   u - +2 pair of gloves {Str+3}
Will     +....                  J - +0 pair of boots {Fly}
Stlth    ..........             i - amulet of guardian spirit
HPRegen  0.36/turn              l - +6 ring of strength
MPRegen  0.21/turn              C - ring "Poucoh" {rElec MP+9 Str+6 SInv}

@: spiked, flying, repel missiles
A: permanent stasis, dig shafts and tunnels, antennae 3, four strong arms
}: 1/15 runes: serpentine
a: Dig, Shaft Self, Renounce Religion, Heroism, Finesse


You were on level 4 of the Shoals.
You worshipped Okawaru.
Okawaru was exalted by your worship.
You visited 6 branches of the dungeon, and saw 29 of its levels.
You also visited: Bailey and Gauntlet.

You collected 3731 gold pieces.
You spent 1573 gold pieces at shops.

Inventory:

Hand Weapons
 b - the +8 hand axe "Laxotz" {flame, rF+ rC+ rN+ Will-}
   (You found it on level 12 of the Dungeon)

   It has been specially enchanted to burn those struck by it, causing extra
   injury to most foes and up to half again as much damage against particularly
   susceptible opponents.
   Big, fiery blades are also staple armaments of hydra-hunters.
   It protects you from fire.
   It protects you from cold.
   It protects you from negative energy.
   It decreases your willpower.
 N - the +5 executioner's axe of Pinadd (weapon) {vamp, rPois Str+4 Dex+3}
   (You acquired it on level 4 of the Dungeon)

   It inflicts no extra harm, but heals its wielder when it wounds a living foe.
   It affects your strength (+4).
   It affects your dexterity (+3).
   It protects you from poison.
 P - the +8 battleaxe "Duutiap" {venom, +Rage rPois SInv}
   (Okawaru gifted it to you on level 12 of the Dungeon)

   It poisons the flesh of those it strikes.
   It protects you from poison.
   It lets you see invisible.
   It lets you go berserk.
 Q - a +4 battleaxe of flaming
Missiles
 w - 10 throwing nets
 B - 19 curare-tipped darts
 O - 26 poisoned darts
 S - 53 javelins
Armour
 c - a +2 tower shield of poison resistance (worn)
 g - a +2 chain mail of fire resistance (worn)
 u - a +2 pair of gloves of strength (worn)
 D - a scarf of repulsion (worn)
 J - a +0 pair of boots of flying (worn)
Jewellery
 a - a ring of willpower
 i - an amulet of guardian spirit (around neck)
 j - a ring of poison resistance
 l - a +6 ring of strength (left hand)
 t - a ring of protection from cold
 C - the ring "Poucoh" (right hand) {rElec MP+9 Str+6 SInv}
   (You found it on level 6 of the Lair of Beasts)

   [ring of magical power]

   It affects your strength (+6).
   It insulates you from electricity.
   It affects your magic capacity (+9).
   It lets you see invisible.
 G - a ring of fire
 V - the ring of Vuj Veis {Int+6 Dex+2}
   (You found it in a Gauntlet)

   [ring of intelligence]

   It affects your intelligence (+6).
   It affects your dexterity (+2).
Wands
 e - a wand of random effects (79)
 k - a wand of acid (17)
 A - a wand of charming (17)
 E - a wand of flame (62) (quivered)
 I - a wand of digging (10)
 T - a wand of polymorph (17)
 Y - a wand of iceblast (13)
 Z - a wand of paralysis (6)
Scrolls
 f - 6 scrolls of fog
 h - 10 scrolls of noise
 m - 6 scrolls of amnesia
 o - 3 scrolls of enchant weapon
 q - 4 scrolls of enchant armour
 x - 3 scrolls of immolation
 y - 8 scrolls of magic mapping
 F - a scroll of vulnerability {unknown}
 H - 2 scrolls of torment
 K - 6 scrolls of identify {@r1}
 R - 2 scrolls of brand weapon
 X - a scroll of fear
Potions
 d - 3 potions of might
 n - 5 potions of flight
 p - 2 potions of cancellation
 r - 7 potions of attraction
 s - 7 potions of curing {@q1}
 v - 3 potions of lignification
 L - 7 potions of brilliance
 M - 7 potions of heal wounds {@q2}
 U - 4 potions of magic
 W - 2 potions of mutation
Miscellaneous
 z - a phantom mirror


   Skills:
 + Level 17.6 Fighting
 + Level 18.1 Axes
 + Level 17.5 Armour
 - Level 5.0 Stealth
 + Level 18.9 Shields


You had 18 spell levels left.
You didn't know any spells.
Your spell library contained the following spells:

 Spells                   Type           Power      Damage    Failure   Level
 Animate Skeleton         Necr           0%         N/A       63%         1
 Apportation              Tloc           0%         N/A       63%         1
 Corona                   Hex            0%         N/A       63%         1
 Magic Dart               Conj           0%         1d3       63%         1
 Pain                     Necr           0%         1d4       63%         1
 Sting                    Tmut/Pois      0%         1d3       63%         1
 Summon Small Mammal      Summ           0%         N/A       63%         1
 Call Imp                 Summ           0%         N/A       77%         2
 Poisonous Vapours        Pois/Air       0%         N/A       77%         2
 Slow                     Hex            0%         N/A       77%         2
 Call Canine Familiar     Summ           0%         N/A       94%         3
 Confusing Touch          Hex            0%         N/A       94%         3
 Conjure Flame            Conj/Fire      0%         6-21      94%         3
 Gell's Gravitas          Tloc           0%         N/A       94%         3
 Ignite Poison            Fire/Tmut/Pois 0%         N/A       94%         3
 Inner Flame              Hex/Fire       0%         N/A       94%         3
 Mephitic Cloud           Conj/Pois/Air  0%         N/A       94%         3
 Portal Projectile        Hex/Tloc       0%         N/A       94%         3
 Summon Guardian Golem    Hex/Summ       0%         N/A       94%         3
 Vampiric Draining        Necr           0%         2d6       94%         3
 Animate Dead             Necr           0%         N/A       100%        4
 Cause Fear               Hex            0%         N/A       100%        4
 Leda's Liquefaction      Hex/Erth       0%         N/A       100%        4
 Olgreb's Toxic Radiance  Pois           0%         N/A       100%        4
 Passage of Golubria      Tloc           N/A        N/A       100%        4
 Petrify                  Tmut/Erth      0%         N/A       100%        4
 Summon Ice Beast         Ice/Summ       0%         N/A       100%        4
 Summon Lightning Spire   Summ/Air       0%         N/A       100%        4
 Agony                    Necr           0%         N/A       100%        5
 Manifold Assault         Tloc           0%         N/A       100%        5
 Metabolic Englaciation   Hex/Ice        0%         N/A       100%        5
 Silence                  Hex/Air        0%         N/A       100%        5
 Yara's Violent Unravell  Hex/Tmut       0%         3d3       100%        5
 Dispersal                Tloc           0%         N/A       100%        6
 Freezing Cloud           Conj/Ice/Air   0%         6-21      100%        6
 Malign Gateway           Summ/Tloc      0%         N/A       100%        7
 Discord                  Hex            0%         N/A       100%        8
 Disjunction              Tloc           0%         N/A       100%        8
 Blink                    Tloc           Unusable   N/A       N/A         2

Dungeon Overview and Level Annotations

Branches:
Dungeon (12/15)            Temple (1/1) D:6            Lair (6/6) D:10
 Shoals (4/4) Lair:4        Snake (4/4) Lair:3        Slime (0/5) Lair:6
    Orc (2/2) D:12            Elf (0/3) Orc:2        Bailey (visited)
Gauntlet (visited)

Altars:
Ashenzari
Cheibriados
Dithmenos
Elyvilon
Fedhas
Gozag
Hepliaklqana
Kikubaaqudgha
Makhleb
Nemelex Xobeh
Okawaru
Qazlal
Ru
Sif Muna
Trog
Uskayaw
Vehumet
Wu Jian
Xom
Yredelemnul
Zin
The Shining One
Beogh
Jiyva
Lugonu

Shops:
D:4 ?   Orc:2 :!([(   Snake:1 [!=

Portals:
Abyss: D:5 Orc:1

Annotations:
D:9 2 transporters, exclusion: ice statue, celly00's ghost, journeyman GrFi
D:10 exclusion: upstairs
Lair:1 3 runed translucent doors, Siyg's ghost, journeyman DsVM
Lair:3 2 transporters, Haururia's ghost, journeyman HOFi


Innate Abilities, Weirdness & Mutations

You cannot be hasted, slowed, berserked, paralysed or teleported.
You can dig through walls and to a lower floor.
You have a pair of large antennae on your head. (SInv)
Your four strong arms can wield two-handed weapons with a shield.


Message History

You are no longer entranced.
You kill the merfolk siren!
Okawaru accepts your kill.
You hear a splash.
You closely miss the merfolk. You block the merfolk's attack. x2
The manticore flicks its tail.
The volley of spikes hits you.
The barbed spikes become lodged in your body.
The merfolk javelineer throws a javelin.
The javelin pierces through you!
The javelin pierces through the manticore!!
You slice the merfolk javelineer!!
You feel better.
The merfolk javelineer is severely wounded.
You slice the merfolk!!
The alligator snapping turtle bites you from afar.
You block the merfolk's attack. x2
The merfolk javelineer throws a javelin.
The javelin misses you.
The javelin pierces through the manticore!!
The manticore dies!
You closely miss the merfolk.
The merfolk is heavily wounded.
You slash the merfolk javelineer!
You feel better. You block the merfolk's attack. x2
The alligator snapping turtle bites you from afar!!
The merfolk javelineer throws a javelin.
The javelin pierces through you!!
* * * LOW HITPOINT WARNING * * *
You hit the merfolk.
You feel better.
The merfolk is heavily wounded.
You hit the merfolk javelineer.
You feel better. You block the merfolk's attack. x2
The merfolk javelineer throws a javelin.
The javelin misses you.
The alligator snapping turtle barely misses you.
You slash the merfolk javelineer!
You feel better.
You kill the merfolk javelineer!
Okawaru accepts your kill.
You hear a splash. x3
You slice the merfolk!! You block the merfolk's attack.
The merfolk closely misses you.
The alligator snapping turtle bites you from afar!!
* * * LOW HITPOINT WARNING * * *
You slice the merfolk!!
You feel better.
You kill the merfolk!
Okawaru accepts your kill.
You hear a splash. x2
The merfolk misses you.
The alligator snapping turtle bites you from afar!!
You die...

≈≈≈≈≈≈≈≈≈≈≈≈≈≈≈≈≈≈
≈≈≈≈≈≈≈≈≈≈≈≈≈≈≈≈≈≈
≈≈≈≈≈≈≈≈≈≈≈≈≈≈≈≈≈≈
≈≈≈≈≈≈≈≈≈≈≈≈≈≈≈≈≈
≈≈≈≈≈≈≈≈≈≈≈≈≈≈≈≈≈
≈≈≈≈≈≈≈<....^#####
.≈≈≈≈≈......##≈..##
.≈!≈≈≈......#)≈...#
#+##≈≈.....†@)≈:..#
##≈[...m.#)≈...#
{#≈.....t##≈..## {
#≈≈≈..≈≈≈ ####
{{#≈≈≈≈≈≈≈≈≈
#≈≈≈≈≈≈≈≈≈≈
≈≈≈≈≈≈≈≈≈≈≈
..≈≈≈≈≈≈≈≈≈


You could see an alligator snapping turtle and a merfolk.

Vanquished Creatures
  Rupert (Orc:2)
  Polyphemus (Shoals:2)
  A kraken (Shoals:2)
  Kirke (Snake:2)
  An orc warlord (Orc:2)
  8 nagarajas
  Nessos (Orc:2)
  A minotaur (Gauntlet)
  A salamander tyrant (Snake:3)
  4 merfolk javelineers
  A merfolk impaler (Shoals:2)
  A fire dragon (Lair:6)
  11 naga warriors
  2 boulder beetles
  6 hydras
  Harold (D:9)
  Erica (D:9)
  A merfolk avatar (Shoals:1)
  A catoblepas (Shoals:2)
  A centaur warrior (D:10)
  An alligator snapping turtle (Shoals:1)
  14 anacondas
  3 merfolk aquamancers
  A two-headed ogre (Orc:2)
  A satyr (Shoals:2)
  7 death yaks
  14 shock serpents
  3 orc high priests
  Urug (D:11)
  9 naga sharpshooters
  8 salamander mystics
  A fire crab (Gauntlet)
  11 sea snakes
  9 naga ritualists
  Pikel (D:5)
  6 harpies
  A deep elf pyromancer (D:12)
  15 mana vipers
  5 lindwurms
  An orange crystal statue (Gauntlet)
  6 orc knights
  5 manticores
  4 fauns (Shoals:2)
  6 orc sorcerers
  17 salamanders
  5 cyclopes
  50 black mambas
  Maurice (D:9)
  6 merfolk sirens
  21 naga magi
  A water nymph (Shoals:2)
  2 molten gargoyles (Lair:6)
  9 guardian serpents
  22 cane toads
  2 gargoyles
  16 komodo dragons
  Psyche (D:9)
  5 rime drakes
  4 wind drakes
  The ghost of ReteAZ the Skirmisher, an amateur GnWn of Ashenzari (D:5)
  8 merfolk
  A polar bear (Lair:6)
  4 trolls
  3 snapping turtles
  8 slime creatures (D:12)
  26 blink frogs
  A dream sheep (shapeshifter) (Gauntlet)
  16 dream sheep
  2 shadows
  5 wraiths
  11 wyverns
  4 water elementals
  A small abomination (D:5)
  3 fire bats (Gauntlet)
  53 yaks
  4 basilisks
  Eustachio (D:6)
  5 hogs
  4 steam dragons
  35 nagas
  23 water moccasins
  An acid dragon (D:11)
  3 hell hounds (Lair:6)
  20 orc warriors
  A swamp drake (D:12)
  A necrophage (D:5)
  2 sky beasts
  11 black bears
  23 wolves
  5 ogres
  13 centaurs
  2 phantoms
  3 kobold brigands (D:11)
  21 bullfrogs
  4 gnoll sergeants
  A scorpion (D:3)
  A water moccasin zombie (D:6)
  12 electric eels
  4 lava snakes (Lair:6)
  2 bullfrog zombies
  6 hounds
  A quasit (D:5)
  19 orc priests
  A centaur skeleton (D:7)
  7 centaur zombies
  A jelly (D:4)
  Crazy Yiuf (D:2)
  4 gnoll shamans
  5 iguanas
  Ijyb (D:5)
  30 orc wizards
  A hound zombie (D:5)
  A howler monkey zombie (D:6)
  23 gnolls
  6 adders
  A howler monkey skeleton (D:4)
  A shadow imp (D:5)
  A white imp (D:8)
  An ufetubus (D:5)
  An adder skeleton (D:4)
  3 worms
  3 dart slugs
  62 orcs
  A bat (D:1)
  7 endoplasms
  2 giant cockroaches (D:3)
  14 goblins
  11 hobgoblins
  8 jackals
  21 kobolds
  7 ball pythons
  5 frilled lizards
  5 rats
  A butterfly (D:6)
  A lurking horror (Orc:1)
  2 tentacles (Shoals:2)
955 creatures vanquished.

Vanquished Creatures (others)
  A manticore (Shoals:4)
  2 humans (Snake:2)
  A naga (Snake:2)
  A demonic plant (Gauntlet)
  27 fungi
  133 plants
  7 tentacles (Shoals:2)
172 creatures vanquished.

Grand Total: 1127 creatures vanquished

Notes
Turn   | Place    | Note
-------+----------+-------------------------------------------
     0 | D:1      | Grimdewalt the Formicid Fighter began the quest for the
                  | Orb.
     0 | D:1      | Reached XP level 1. HP: 18/18 MP: 1/1
   405 | D:1      | Reached XP level 2. HP: 24/24 MP: 2/2
   626 | D:1      | Reached skill level 1 in Stealth
   988 | D:2      | Found a faded altar of an unknown god.
   991 | D:2      | Reached XP level 3. HP: 25/29 MP: 3/3
  1741 | D:2      | Reached XP level 4. HP: 35/37 MP: 4/4
  1884 | D:2      | Found a runed translucent door.
  2125 | D:3      | Found a basalt altar of Yredelemnul.
  3078 | D:3      | Reached XP level 5. HP: 42/42 MP: 5/5
  3371 | D:4      | Reached XP level 6. HP: 47/48 MP: 6/6
  3403 | D:4      | Noticed an ogre
  3606 | D:4      | Reached skill level 5 in Shields
  3728 | D:4      | Noticed a black bear
  3842 | D:3      | Reached XP level 7. HP: 47/55 MP: 5/7
  4315 | D:4      | Reached skill level 5 in Armour
  4334 | D:4      | Reached skill level 5 in Fighting
  4399 | D:4      | Found an opulent altar of Gozag.
  4489 | D:4      | Reached XP level 8. HP: 61/62 MP: 8/8
  4507 | D:4      | Found a hazy altar of Hepliaklqana.
  4587 | D:4      | Found Xoim's Magic Scroll Shop.
  4625 | D:4      | Bought a scroll of fog for 22 gold pieces
  4625 | D:4      | Bought a scroll of magic mapping for 38 gold pieces
  4625 | D:4      | Bought a scroll of identify for 22 gold pieces
  4647 | D:5      | Entered Level 5 of the Dungeon
  4716 | D:5      | Found a transporter.
  4737 | D:5      | Noticed ReteAZ's ghost (amateur GnWn)
  4742 | D:5      | Found a one-way gate to the infinite horrors of the Abyss.
  4752 | D:5      | Noticed a small abomination
  4798 | D:5      | Found a transporter.
  4879 | D:5      | Reached skill level 5 in Stealth
  5333 | D:5      | Noticed Pikel
  5368 | D:5      | Killed Pikel
  5369 | D:5      | Reached skill level 5 in Axes
  5369 | D:5      | Reached XP level 9. HP: 58/71 MP: 9/9
  5791 | D:5      | Found a blossoming altar of Fedhas.
  5941 | D:5      | Noticed Ijyb
  5954 | D:5      | Killed Ijyb
  6244 | D:6      | Found a shimmering altar of Xom.
  6510 | D:6      | Noticed Eustachio
  6735 | D:6      | Found a staircase to the Ecumenical Temple.
  6780 | D:6      | Reached XP level 10. HP: 75/79 MP: 10/10
  6824 | Temple   | Entered the Ecumenical Temple
  7236 | D:6      | Killed Eustachio
  7539 | D:7      | Found a shadowy altar of Dithmenos.
  9123 | D:8      | Found a radiant altar of Vehumet.
  9494 | D:9      | Noticed an ice statue
  9503 | D:9      | Noticed celly00's ghost (journeyman GrFi)
  9506 | D:9      | Noticed a wizard
  9506 | D:9      | Identified the ring of Coidwaro {Ice +Blink rPois Will-
                  | SInv}
  9506 | D:9      | Noticed a yaktaur
  9509 | D:9      | Found a transporter.
  9530 | D:9      | Found an ornate altar of the Wu Jian Council.
  9624 | D:9      | Noticed Erica
  9646 | D:9      | Killed Erica
  9647 | D:9      | Reached XP level 11. HP: 31/89 MP: 6/11
  9941 | D:9      | Noticed Maurice
 10039 | D:9      | Identified the +9 great mace of Yredelemnul's Anger {drain,
                  | rN+}
 10113 | D:9      | Killed Maurice
 10114 | D:9      | Reached skill level 10 in Shields
 10153 | D:9      | Found a transporter.
 10164 | D:9      | Noticed a swamp dragon
 10164 | D:9      | an unseen horror changed into a swamp dragon
 10193 | D:9      | Noticed Psyche
 10203 | D:9      | Killed Psyche
 10320 | D:9      | Noticed an elephant
 10324 | D:9      | Noticed a two-headed ogre
 10324 | D:9      | an elephant changed into a two-headed ogre
 10338 | D:9      | a two-headed ogre changed into a water nymph
 10347 | D:9      | Noticed a glowing orange brain
 10347 | D:9      | a water nymph changed into a glowing orange brain
 10355 | D:9      | a glowing orange brain changed into a slime creature
 10435 | D:9      | Noticed an anaconda
 10530 | D:9      | Noticed a boulder beetle
 10536 | D:10     | Entered Level 10 of the Dungeon
 10660 | D:10     | Found an iron altar of Okawaru.
 10682 | D:10     | Became a worshipper of Warmaster Okawaru
 11059 | D:10     | Noticed a sea snake
 11269 | D:10     | Found a staircase to the Lair.
 11277 | D:10     | Noticed a centaur warrior
 11294 | D:10     | Killed a centaur warrior
 11294 | D:10     | Reached * piety under Okawaru
 11295 | D:10     | Reached skill level 10 in Fighting
 11295 | D:10     | Reached skill level 10 in Armour
 11978 | D:11     | Reached ** piety under Okawaru
 12070 | D:11     | Reached XP level 12. HP: 82/97 MP: 10/12
 12450 | D:11     | Noticed Urug
 12598 | Lair:1   | Entered Level 1 of the Lair of Beasts
 13156 | Lair:1   | Found a runed translucent gate.
 13156 | Lair:1   | Found a runed translucent gate.
 13156 | Lair:1   | Found a runed translucent gate.
 13157 | Lair:1   | Noticed a minotaur
 13158 | Lair:1   | Noticed Siyg's ghost (journeyman DsVM)
 13312 | Lair:1   | Reached *** piety under Okawaru
 14306 | Lair:1   | HP: 5/100 [poisoned by a cane toad]
 15094 | Lair:2   | Reached skill level 10 in Axes
 15499 | Lair:1   | Reached **** piety under Okawaru
 15553 | Lair:2   | Noticed an eight-headed hydra
 15561 | Lair:2   | Killed an eight-headed hydra
 15855 | Lair:2   | Reached XP level 13. HP: 94/106 MP: 11/13
 16140 | Lair:2   | Received a gift from Okawaru
 17321 | Lair:3   | Found a transporter.
 17324 | Lair:3   | Noticed Haururia's ghost (journeyman HOFi)
 17324 | Lair:3   | Noticed a four-headed hydra
 17358 | Lair:3   | Reached ***** piety under Okawaru
 17752 | Lair:3   | Found a transporter.
 17820 | Lair:3   | Found a staircase to the Snake Pit.
 17994 | Lair:3   | Received a gift from Okawaru
 19081 | Lair:4   | Found a gate leading to a gauntlet.
 19089 | Gauntlet | Entered a Gauntlet
 19089 | Gauntlet | Found a transporter.
 19089 | Gauntlet | Found a transporter.
 19095 | Gauntlet | Found the +3 crown of Dyrovepreva {rElec Int+2 SInv}
 19097 | Gauntlet | Found a transporter.
 19098 | Gauntlet | Found a transporter.
 19101 | Gauntlet | Found a transporter.
 19101 | Gauntlet | Found a transporter.
 19141 | Gauntlet | Found a transporter.
 19142 | Gauntlet | Found a transporter.
 19149 | Gauntlet | Found a transporter.
 19172 | Gauntlet | Found a transporter.
 19186 | Gauntlet | Found a transporter.
 19190 | Gauntlet | Found a transporter.
 19579 | Gauntlet | Identified the ring of Vuj Veis {Int+6 Dex+2}
 19658 | Gauntlet | Identified a scroll of acquirement
 19664 | Gauntlet | Acquired a manual of Axes
 19736 | Gauntlet | Noticed a minotaur
 19786 | Gauntlet | Killed a minotaur
 20068 | Lair:4   | Noticed a five-headed hydra
 20074 | Lair:4   | Killed a five-headed hydra
 20329 | Lair:4   | Received a gift from Okawaru
 20444 | Lair:4   | Reached XP level 14. HP: 115/116 MP: 14/14
 20729 | Lair:4   | Found a staircase to the Shoals.
 22175 | Lair:6   | Entered Level 6 of the Lair of Beasts
 22383 | Lair:5   | Received a gift from Okawaru
 23784 | Lair:6   | Found a staircase to the Slime Pits.
 23784 | Lair:6   | Found a viscous altar of Jiyva.
 23857 | Lair:6   | Received a gift from Okawaru
 23952 | Lair:6   | Reached ****** piety under Okawaru
 24280 | Lair:6   | Reached XP level 15. HP: 125/125 MP: 15/15
 24652 | Lair:6   | Found a large runed translucent door.
 24653 | Lair:6   | Found a large runed translucent door.
 24683 | Lair:6   | Identified the ring "Poucoh" {rElec MP+9 Str+6 SInv}
 25753 | D:11     | Reached skill level 15 in Shields
 25910 | D:11     | Found a bloodstained altar of Trog.
 26104 | D:11     | Killed Urug
 27299 | D:12     | Found a flagged portal.
 27307 | D:12     | Identified the +8 hand axe "Laxotz" {flame, rF+ rC+ rN+
                  | Will-}
 27341 | Bailey   | Entered a bailey
 27771 | D:12     | Identified the +8 battleaxe "Duutiap" {venom, +Rage rPois
                  | SInv} (Okawaru gifted it to you on level 12 of the Dungeon)
 27771 | D:12     | Received a gift from Okawaru
 27907 | D:12     | Identified the +4 rapier "Piute" {freeze, Stlth+}
 28186 | D:12     | Found a staircase to the Orcish Mines.
 28307 | Orc:1    | Entered Level 1 of the Orcish Mines
 28374 | Orc:2    | Entered Level 2 of the Orcish Mines
 28591 | Orc:2    | Found a staircase to the Elven Halls.
 28730 | Orc:2    | Noticed an orc warlord
 28784 | Orc:2    | Killed an orc warlord
 29466 | Orc:1    | Found a corrupted altar of Lugonu.
 29714 | Orc:2    | Noticed Nessos
 29726 | Orc:2    | Killed Nessos
 29839 | Orc:2    | Found Bibrox's Weapon Shoppe.
 29924 | Orc:2    | Found Mal Quja's Armour Shop.
 30178 | Orc:1    | Reached skill level 15 in Axes
 30806 | Orc:2    | Noticed Rupert
 30934 | Orc:2    | Killed Rupert
 30934 | Orc:2    | Received a gift from Okawaru
 30935 | Orc:2    | Reached XP level 16. HP: 134/134 MP: 16/16
 30989 | Orc:2    | Found Janimo Quza's Distillery.
 30996 | Orc:2    | Found Xobuf's Book Shoppe.
 30998 | Orc:2    | Found Peadin's Antique Weapon Shop.
 31017 | Orc:2    | Bought a potion of curing for 51 gold pieces
 31017 | Orc:2    | Bought a potion of heal wounds for 85 gold pieces
 31017 | Orc:2    | Bought a potion of curing for 51 gold pieces
 31017 | Orc:2    | Bought a potion of heal wounds for 85 gold pieces
 31017 | Orc:2    | Bought a potion of mutation for 136 gold pieces
 31017 | Orc:2    | Bought a potion of mutation for 136 gold pieces
 31019 | Orc:2    | Bought a +0 pair of boots of flying for 195 gold pieces
 31310 | D:4      | Bought a scroll of acquirement for 572 gold pieces
 31315 | D:4      | Acquired the +5 executioner's axe of Pinadd {vamp, rPois
                  | Str+4 Dex+3}
 31481 | D:2      | Noticed Crazy Yiuf
 31486 | D:2      | Killed Crazy Yiuf
 31810 | D:5      | Got Lugonu's Handbook of Displacement
 31846 | D:5      | Killed ReteAZ's ghost
 32133 | D:9      | Noticed Harold
 32137 | D:9      | Killed Harold
 32258 | Snake:1  | Entered Level 1 of the Snake Pit
 32270 | Snake:1  | Found Banoi's Armour Shoppe.
 32304 | Snake:1  | Identified the +1 battleaxe "Jur Gigi" {venom, rC++}
                  | (Okawaru gifted it to you on level 1 of the Snake Pit)
 32304 | Snake:1  | Received a gift from Okawaru
 32475 | Snake:1  | Found Cuinnyho's Jewellery Shoppe.
 32475 | Snake:1  | Found Wedokialuy's Distillery.
 32498 | Snake:1  | Bought a potion of heal wounds for 90 gold pieces
 32498 | Snake:1  | Bought a potion of heal wounds for 90 gold pieces
 32701 | Snake:1  | Reached skill level 15 in Fighting
 32766 | Snake:1  | Reached skill level 15 in Armour
 32930 | Snake:1  | Received a gift from Okawaru
 34312 | Snake:2  | Noticed Kirke
 34334 | Snake:2  | Killed Kirke
 34334 | Snake:2  | Received a gift from Okawaru
 34335 | Snake:2  | Reached XP level 17. HP: 142/142 MP: 17/17
 35385 | Snake:4  | Entered Level 4 of the Snake Pit
 35425 | Snake:4  | Found a stormy altar of Qazlal.
 36338 | Snake:4  | Received a gift from Okawaru
 36915 | Snake:4  | Reached XP level 18. HP: 147/153 MP: 18/18
 37316 | Snake:4  | Received a gift from Okawaru
 37601 | Snake:4  | Got a serpentine rune of Zot
 38370 | Shoals:1 | Entered Level 1 of the Shoals
 38975 | Shoals:1 | Identified the +0 robe of Fuint {+Blink Will+} (Okawaru
                  | gifted it to you on level 1 of the Shoals)
 38975 | Shoals:1 | Received a gift from Okawaru
 39370 | Shoals:2 | Noticed a kraken
 39571 | Shoals:2 | Reached XP level 19. HP: 134/161 MP: 19/19
 39969 | Shoals:2 | Noticed Polyphemus
 39979 | Shoals:2 | Killed Polyphemus
 40793 | Shoals:3 | Found an ancient bone altar of Kikubaaqudgha.
 41386 | Shoals:4 | Entered Level 4 of the Shoals
 41413 | Shoals:4 | Slain by an alligator snapping turtle

Illustrated notes

Levels and vault maps discovered:
D:1:      denvon_arrival_waterhouse, layout_basic
D:2:      layout_loops_cross, serial_co_window_serial, co_window_corner_a,
          co_window_corner_a, co_window_corner_a, co_window_paths_b,
          co_window_paths_b, co_window_corner_b, co_window_paths_c,
          co_window_cross_2, co_window_cross_4, co_window_broadway_a,
          co_window_paths_e, basic_ecumenical_altar, uniq_crazy_yiuf_cottage
D:3:      layout_basic, lemuel_coloured_pillars_altar, minmay_misc_feat_rows
D:4:      layout_cave_pools, lemuel_doored_altar, lemuel_tele_altar,
          serial_shops, shop, minmay_circle_x
D:5:      minmay_diamond_boxcup, layout_loops_ring,
          nicolae_overflow_crystal_walls, gammafunk_ghost_abyssal_escape,
          uniq_ijyb, uniq_pikel
D:6:      layout_basic, xom_butterflies, temple_pool_b, uniq_eustachio
D:7:      layout_basic, nicolae_dithmenos_the_darkroom
D:8:      layout_basic, kennysheep_mini
D:9:      layout_rooms, nicolae_wu_jian_wuxing_cycle, nzn_ghost_randoct,
          hangedman_glass_teeth, chequers_serial_rivers_room_b,
          nzn_sisyphean_effort, uniq_erica, uniq_maurice, uniq_psyche,
          uniq_harold
D:10:     layout_basic, kennysheep_okawaru_gauntlet, david_lair_shrubbed,
          serial_aquarium, aquarium_bridge_square [aquarium_subvault_bridge,
          aquarium_subvault_wall, aquarium_subvault_bridge,
          aquarium_subvault_bridge], aquarium_bridge_long_joined
          [aquarium_subvault_window, aquarium_subvault_window,
          aquarium_subvault_wall, aquarium_subvault_bridge,
          aquarium_subvault_window, aquarium_subvault_window],
          aquarium_window_2, aquarium_window_1, aquarium_window_fake,
          aquarium_window_1, aquarium_view_2d, aquarium_view_2e,
          aquarium_balcony_3b
D:11:     kennysheep_town, uniq_urug
D:12:     layout_irregular_city, erik_orc_1, enter_bailey_2
Temple:   dshaligram_water_room_temple
Lair:1:   layout_regular_city, maelrawn_ghost_gauntlet_escape,
          beast_lair_carwin_3
Lair:2:   layout_chaotic_city, serial_bayou_shore_a
Lair:3:   layout_long_grid, minmay_snake_entry_spellcaster,
          gammafunk_ghost_arena, serial_bayou_shore_b,
          infiniplex_staircase_pool_2, serial_bayou_shore_b
Lair:4:   layout_regular_city, minmay_shoals_entry_centaurs,
          gauntlet_entry_generic, cheibrodos_lair_reptile_den,
          grunt_megastairs_3
Lair:5:   layout_gridlike, grunt_megastairs_1
Lair:6:   cheibrodos_lair_end_hotspot, layout_cave_shapes, slime_altar_1
Shoals:1: cheibrodos_shoals_epimethial_gifts, layout_shoals
Shoals:2: layout_shoals, nicolae_shoals_kraken_intersection, uniq_polyphemus
Shoals:3: layout_shoals, lemuel_centaur_altar
Shoals:4: shoals_end_simple, layout_shoals, hangedman_shoals_cup_caves,
          uniq_donald, uniq_louise
Snake:1:  layout_honeycomb, serial_shops, shop, minmay_shoptagon
Snake:2:  layout_rooms, uniq_kirke
Snake:3:  layout_gridlike, grunt_ministairs_12, lemuel_fruit_tree
Snake:4:  snake_pit_salamanders_mu, layout_layer_cave, basic_altar
Orc:1:    layout_diamond_mine, amcnicky_altar_lugonu_corruption
Orc:2:    st_orc_elflike, layout_diamond_mine, serial_shops, shop, basic_altar,
          nicolae_orc_lost_temple, uniq_nessos, uniq_rupert

Skill      XL: |  1  2  3  4  5  6  7  8  9 10 11 12 13 14 15 16 17 18 19 |
---------------+----------------------------------------------------------+-----
Stealth        | 1 2 3 4 5 |  5.0
Shields        | 4 5 7 8 9 11 12 13 14 15 16 17 18 | 18.9
Armour         | 4 5 6 7 9 10 11 12 13 14 15 16 17 | 17.5
Fighting       | 4 5 6 7 9 10 11 12 13 14 15 16 17 | 17.6
Axes           | 3 4 5 6 8 9 10 11 13 15 16 17 18 | 18.1

Action                   |  1- 3 |  4- 6 |  7- 9 | 10-12 | 13-15 | 16-18 | 19-21 || total
-------------------------+-------+-------+-------+-------+-------+-------+-------++-------
Melee: War axe           |    99 |   122 |   287 |   753 |    18 |       |       ||  1279
       Great mace        |       |       |       |    37 |   728 |       |       ||   765
       Battleaxe         |       |       |       |       |   190 |     3 |       ||   193
       Executioner's axe |       |       |       |       |       |   910 |   157 ||  1067
Throw: Dart              |       |       |       |    16 |       |       |       ||    16
       Throwing net      |       |       |       |     1 |       |       |       ||     1
Invok: Heroism           |       |       |       |     2 |     8 |       |       ||    10
       Finesse           |       |       |       |       |     4 |       |       ||     4
 Abil: Dig               |     1 |     6 |       |       |    15 |     1 |     1 ||    24
Evoke: Wand              |       |       |       |     6 |    21 |       |       ||    27
  Use: Scroll            |       |       |     3 |     5 |    12 |     4 |       ||    24
       Potion            |       |       |       |     2 |     2 |     1 |       ||     5
Armor: Scale mail        |     3 |       |       |       |       |       |       ||     3
       Plate armour      |    49 |    79 |   158 |   328 |   341 |     6 |       ||   961
       Chain mail        |       |       |       |       |       |   183 |    39 ||   222
Dodge: Dodged            |    21 |    43 |    90 |   208 |   225 |   187 |    43 ||   817
       Repelled          |       |       |       |       |       |     8 |     4 ||    12
Block: Kite shield       |    47 |    86 |   192 |   505 |   410 |       |       ||  1240
       Tower shield      |       |       |       |       |   452 |  1299 |   214 ||  1965

Table legend: (Time is in decaauts)
 A = Elapsed time spent in this place.
 B = Non-inter-level travel time spent in this place.
 C = Inter-level travel time spent in this place.
 D = Time resting spent in this place.
 E = Time spent auto-exploring this place.
 F = Levels seen in this place.
 G = Mean time per level.
                   A        B        C        D        E       F      G
               +--------+--------+--------+--------+--------+-----+--------+
         Total |  42128 |  38873 |   3255 |   2291 |  26540 |  31 | 1359.0 |
       Dungeon |  16892 |  15439 |   1453 |    568 |  10695 |  12 | 1407.7 |
        Temple |    103 |     83 |     20 |      0 |     82 |   1 |  103.0 |
          Lair |  12117 |  11641 |    476 |   1119 |   8399 |   6 | 2019.5 |
        Shoals |   3074 |   2669 |    405 |     19 |   1899 |   4 |  768.5 |
     Snake Pit |   6185 |   5412 |    773 |     17 |   3814 |   4 | 1546.2 |
  Orcish Mines |   2824 |   2696 |    128 |    568 |   1436 |   2 | 1412.0 |
        Bailey |    201 |    201 |      0 |      0 |     19 |   1 |  201.0 |
      Gauntlet |    730 |    730 |      0 |      0 |    195 |   1 |  730.0 |
               +--------+--------+--------+--------+--------+-----+--------+

Top non-repeatable levels by time:
  Lair:1: 3082 daAuts
 Snake:4: 2823 daAuts
  Lair:5: 2408 daAuts
    D:11: 2393 daAuts
     D:5: 1976 daAuts
     D:3: 1942 daAuts
  Lair:3: 1842 daAuts
  Lair:6: 1705 daAuts
    D:10: 1627 daAuts
   Orc:2: 1618 daAuts
  Lair:2: 1555 daAuts
  Lair:4: 1522 daAuts
 Snake:1: 1432 daAuts
     D:2: 1361 daAuts
     D:9: 1328 daAuts
